 Dungeon Crawl Stone Soup version bcrawl-1.38b (webtiles) character file.

Game seed: 3731096656391480603

207061 Baz the Caller (level 7, -7/60 HPs)
             Began as a Black Draconian Summoner on Mar 5, 2023.
             Splashed by a jelly's acid (9 damage)
             ... on level 4 of the Dungeon.
             The game lasted 00:10:50 (3788 turns).

Baz the Caller (Black Draconian Summoner)           Turns: 3788, Time: 00:10:51

Health: -7/60      AC: -6    Str: 11    XL:     7   Next: 20%
Magic:  13/13      EV: 12    Int: 17    God:
Gold:   182        SH:  0    Dex: 11    Spells: 3/14 levels left

rFire    . . .     GDR:     23% p - +0 dagger (venom)
rCold    . . .     SeeInvis +   (no shield)
rNeg     . . .     Gourm    .   (armour unavailable)
rPois    .         Faith    .   (helmet restricted)
rElec    +         Spirit   .   (no cloak)
rCorr    .         Reflect  .   (no gloves)
MR       .....                  (no boots)
Stlth    ++........             f - amulet of the acrobat
HPRegen  0.20/turn              u - ring of see invisible
MPRegen  0.13/turn              (no ring)

@: corroded
A: breathe lightning, unfitting armour, electricity resistance, cold-blooded, AC
+6
a: Breathe Lightning


You were on level 4 of the Dungeon.
You were not hungry.

You visited 1 branch of the dungeon, and saw 5 of its levels.

You collected 182 gold pieces.

Inventory:

Hand Weapons
 m - a +0 dagger of draining
 p - a +0 dagger of venom (weapon)
Jewellery
 a - an uncursed amulet of the gourmand
 f - an amulet of the acrobat (around neck)
 g - the ring "Maoliw" {MR+ Stlth--}
   (You found it on level 1 of the Dungeon)

   [ring of attention]

   It affects your resistance to hostile enchantments.
   It makes you much less stealthy.
 s - the ring "Nurokis" {Fire MP+9 Str-5 Stlth+}
   (You found it on level 1 of the Dungeon)

   [ring of fire]

   It enhances your fire magic.
   It affects your strength (-5).
   It protects you from fire.
   It makes you vulnerable to cold.
   It affects your magic capacity (+9).
   It makes you more stealthy.
 u - a ring of see invisible (left hand)
Wands
 r - a wand of polymorph (2)
Scrolls
 b - a scroll of summoning
 d - a scroll of immolation {unknown}
 h - 4 scrolls of remove curse
 i - a scroll of identify
 k - a scroll of teleportation {unknown}
 l - a scroll of enchant weapon {unknown}
 n - a scroll of fear {unknown}
 q - a scroll of enchant armour {unknown}
Potions
 c - a potion of mutation {unknown}
 j - 2 potions of ambrosia {unknown}
 o - a potion of flight {unknown}
 t - 2 potions of magic
 v - a potion of invisibility {unknown}
 x - a potion of haste {unknown}
Comestibles
 e - 9 rations {!d}


   Skills:
 + Level 4.7 Fighting
 - Level 1.9 Dodging
 - Level 4.0 Stealth
 + Level 4.0 Spellcasting
 + Level 5.5 Summonings
 + Level 0.8 Air Magic
 + Level 0.6 Evocations


You had 3 spell levels left.
You knew the following spells:

 Your Spells              Type           Power        Failure   Level  Hunger
a - Summon Small Mammal   Summ           ###.         1%          1    None
b - Call Imp              Summ           ###...       2%          2    None
c - Call Canine Familiar  Summ           ###.....     4%          3    ###....
d - Summon Lightning Spi  Summ/Air       ##......     75%         5    ######.

Your spell library contained the following spells:

 Spells                   Type           Power        Failure   Level  Hunger
 Summon Ice Beast         Ice/Summ       ##......     45%         4    #####..


Dungeon Overview and Level Annotations

Branches:
Dungeon (5/12)
 Temple: D:4-7

Altars:

Shops:
D:4 =


Innate Abilities, Weirdness & Mutations

You can breathe wild blasts of lightning.
Your glossy black scales are hard. (AC +6)
You cannot fit into any form of body armour.
You are resistant to electric shocks. (rElec)
You are cold-blooded and may be slowed by cold attacks.


Message History

You hit the jelly but do no damage.
The jelly is poisoned.
Your hands burn!
The jelly is moderately wounded.
The jelly hits you.
You are splashed with acid!
You hit the jelly but do no damage. The acid corrodes you!
Your hands burn!
The jelly is moderately wounded.
The jelly closely misses you.
You hit the jelly but do no damage.
Your hands burn!
The jelly is heavily wounded.
The jelly hits you.
* * * LOW HITPOINT WARNING * * *
You are splashed with acid!
* * * LOW HITPOINT WARNING * * *
You hit the jelly but do no damage.
Your hands burn!
* * * LOW HITPOINT WARNING * * *
You tail-slap the jelly, but do no damage.
The jelly is heavily wounded.
The jelly hits you.
* * * LOW HITPOINT WARNING * * *
The acid corrodes you!
You are splashed with acid!
You die...

#.#....#.##...........#.....)....
.#.#..#.#.#.....#######....##....
#.##..##.#.....#.....##....##....
.##....##......#.....#####+##....
...............#.....#...........
...............#.....+...........
.##....##......#.....##..........
#.##..##.#.....#.....##..........
.#.#..#.#.#.....@J...##....##....
#.#....#.##..........##....##....
##......##.#...............##....
..........#.#..............##....
...........##..#............#....
.........)...#.#............#....
...............#.....##.....#....
....>#.........##'#####.....#....
.....#...+.....#.....##.....#....


You could see a jelly.

Vanquished Creatures
  3 scorpions (D:4)
  A howler monkey (D:4)
  2 hounds
  Jessica (D:2)
  Ijyb (D:3)
  2 worker ants
  4 adders
  An ooze (D:2)
  A worm (D:1)
  A dart slug (D:2)
  5 orcs
  4 bats (D:1)
  2 giant cockroaches (D:1)
  8 hobgoblins
  3 jackals (D:1)
  6 kobolds
  A ball python (D:1)
  3 frilled lizards
  3 goblins
  4 rats
56 creatures vanquished.

Vanquished Creatures (collateral kills)
  A scorpion (D:4)
  An orc priest (D:5)
  A bullfrog zombie (D:4)
  4 gnolls (D:2)
  2 worms (D:2)
  An adder skeleton (D:4)
  A dart slug (D:1)
  An orc (D:3)
  2 goblins (D:1)
  A hobgoblin (D:2)
  2 jackals (D:1)
  A frilled lizard (D:1)
  3 kobolds
  2 rats (D:2)
23 creatures vanquished.

Grand Total: 79 creatures vanquished

Notes
Turn   | Place    | Note
-------+----------+-------------------------------------------
     0 | D:1      | Baz the Draconian Summoner began the quest for the Orb.
     0 | D:1      | Reached XP level 1. HP: 14/14 MP: 3/3
     4 | D:1      | Noticed an electric eel
     5 | D:1      | Noticed an electric eel
   317 | D:1      | Reached XP level 2. HP: 19/22 MP: 3/5
   337 | D:1      | HP: 1/22 [jackal (2)]
   344 | D:1      | HP: 1/22 [jackal (1)]
   414 | D:1      | Reached skill level 1 in Fighting
   590 | D:1      | Got a smoking steel ring
   591 | D:1      | Identified the ring "Maoliw" {MR+ Stlth--} (You found it on
                  | level 1 of the Dungeon)
   682 | D:1      | Got a slimy pewter ring
   823 | D:1      | Reached XP level 3. HP: 28/28 MP: 6/6
   922 | D:1      | Learned a level 2 spell: Call Imp
  1395 | D:2      | Reached XP level 4. HP: 21/36 MP: 3/7
  1644 | D:2      | Identified the ring "Nurokis" {Fire MP+9 Str-5 Stlth+} (You
                  | found it on level 1 of the Dungeon)
  1808 | D:2      | Noticed Jessica
  1814 | D:2      | Killed Jessica
  2031 | D:3      | Reached XP level 5. HP: 41/41 MP: 9/9
  2115 | D:3      | Noticed Ijyb
  2186 | D:3      | Killed Ijyb
  2842 | D:4      | Found Voffof's Jewellery Emporium.
  2855 | D:4      | Learned a level 3 spell: Call Canine Familiar
  2897 | D:4      | Reached skill level 5 in Summonings
  2947 | D:4      | Reached XP level 6. HP: 50/51 MP: 9/11
  3540 | D:4      | Your scales start taking on a glossy black colour.
  3540 | D:4      | Reached XP level 7. HP: 52/60 MP: 12/12
  3540 | D:4      | Gained mutation: You are resistant to electric shocks.
                  | (rElec) [Black Draconian growth]
  3546 | D:4      | Learned a level 5 spell: Summon Lightning Spire
  3634 | D:5      | Entered Level 5 of the Dungeon
  3788 | D:4      | HP: 3/60 [acid (4)]
  3788 | D:4      | Splashed by a jelly's acid

Skill      XL: |  1  2  3  4  5  6  7 |
---------------+----------------------+-----
Fighting       | 1 2 3 4 |  4.7
Stealth        | 3 4 |  4.0
Spellcasting   | 3 4 |  4.0
Summonings     | 5 |  5.5
Dodging        | |  1.9
Air Magic      | |  0.8
Evocations     | |  0.6

Action                   |  1- 3 |  4- 6 |  7- 9 || total
-------------------------+-------+-------+-------++-------
Melee: Unarmed           |    26 |     5 |       ||    31
       Dagger            |   128 |   112 |    13 ||   253
       Tailslap          |    15 |     7 |     2 ||    24
 Cast: Summon Small Mamm |    25 |     1 |     1 ||    27
       Call Imp          |    11 |     7 |     2 ||    20
       Call Canine Famil |       |     1 |     1 ||     2
 Abil: Breathe Lightning |       |       |     1 ||     1
  Use: Potion            |     2 |       |       ||     2
       Scroll            |       |     1 |       ||     1
 Stab: Sleeping          |     4 |     3 |     1 ||     8
       Distracted        |     1 |       |       ||     1
  Eat: Chunk             |     7 |     8 |       ||    15
       Ration            |       |       |     1 ||     1
Armor: Skin              |    44 |    20 |     4 ||    68
Dodge: Dodged            |   133 |    63 |    13 ||   209
